[Event "*** Titled Tuesday Blitz"]
[Site "Chess.com"]
[Date "2020.11.10"]
[Round "11"]
[White "rugbyclub"]
[Black "Azoulas1"]
[Result "0-1"]
[WhiteElo "2184"]
[BlackElo "2083"]
[TimeControl "180+1"]
[EndTime "12:11:25 PST"]
[Termination "Azoulas1 won on time"]

1. Nf3 g6 2. c4 Bg7 3. Nc3 c5 4. g3 Nc6 5. Bg2 d6 6. O-O Bd7 7. e3 e6 8. d4 cxd4 9. exd4 Nge7 10. Bf4 e5 11. dxe5 dxe5 12. Bg5 O-O 13. Nd5 h6 14.
Nf6+ Bxf6 15. Bxf6 Be6 16. Qc1 Kh7 17. Nxe5 Nxe5 18.
Bxe5 Rc8 19. b3 Nc6 20. Bb2 Qe7 21. Re1 b5 22. Qc3 Rg8 23. cxb5 Nb4 24. Qe5 Nd3 25. Qd4 Nxe1 26. Rxe1 Qc5 27. Qf6 Qf8 28. Bc6 a6 0-1

[Event "*** Titled Tuesday Blitz"]
[Site "Chess.com"]
[Date "2020.11.10"]
[Round "11"]
[White "Happy1712Drummer"]
[Black "indfraeng"]
[Result "1-0"]
[WhiteElo "2255"]
[BlackElo "2410"]
[TimeControl "180+1"]
[EndTime "12:11:28 PST"]
[Termination "Happy1712Drummer won by checkmate"]

1. d4 d5 2. Nf3 Nf6 3. c4 c6 4. Qc2 e6 5. cxd5 exd5 6. Nc3 Bd6 7.
Bg5 O-O 8. e3 Nbd7 9. Bd3 h6 10.
Bh4 Re8 11. g4 g5 12. Bg3 Nf8 13. Bxd6 Qxd6 14. h3 Ne6 15. O-O-O b5 16. Kb1 a5 17. Ne2 a4 18. Ng3 Ng7 19. Rc1 Bb7 20. Ne5 b4 21.
Qc5 Qe6 22. Nf5 Ne4 23. Bxe4 dxe4 24. Nd6 Reb8 25. Ndxf7 Ba6 26. h4 Bd3+ 27. Ka1 Rf8 28. hxg5 a3 29. Nxh6+ Kh7 30. Nhf7+ Kg8 31. Rh8# 1-0

[Event "*** Titled Tuesday Blitz"]
[Site "Chess.com"]
[Date "2020.11.10"]
[Round "11"]
[White "catzapto"]
[Black "BJthechessgod"]
[Result "1-0"]
[WhiteElo "2165"]
[BlackElo "2287"]
[TimeControl "180+1"]
[EndTime "12:11:29 PST"]
[Termination "catzapto won by checkmate"]

1. e4 c5 2. Nf3 Nc6 3. c3 d5 4. exd5 Qxd5 5. Na3 a6 6. Nc4 Qd8 7. d4 cxd4 8. Nxd4 Nxd4 9. Qxd4 Qxd4 10. cxd4 Bf5 11.
a4 Rd8 12. Be3 e6 13. f3 Bb4+ 14. Kf2 Nf6 15. h4 Nd5 16. g4 Bc2 17. a5 Bb3 18. Rc1 Bxc4 19. Rxc4 Bxa5 20. f4 Be1+ 21. Kxe1 Nxe3 22.
Rc7 Nxg4 23. Rxb7 Ne3 24. Bxa6 Ng2+ 25. Kf2 Nxf4 26. Bb5+ Kf8 27. Rc1 g6 28. Rcc7 Rxd4 29. Rxf7+ Kg8 30. Rg7+ Kf8 31. Rbf7# 1-0

[Event "*** Titled Tuesday Blitz"]
[Site "Chess.com"]
[Date "2020.11.10"]
[Round "11"]
[White "RaneshRatnesan"]
[Black "ZverevLev"]
[Result "0-1"]
[WhiteElo "2114"]
[BlackElo "2250"]
[TimeControl "180+1"]
[EndTime "12:11:33 PST"]
[Termination "ZverevLev won by resignation"]

1. c4 c5 2. Nc3 d6 3. b3 Nf6 4.
Bb2 Nc6 5. Nf3 e5 6. g3 Bf5 7.
Bg2 h5 8. h4 Be7 9. d3 Nd4 10.
e3 Nxf3+ 11. Bxf3 Qd7 12. Nd5 Nxd5 13. Bxd5 O-O-O 14. b4 cxb4 15. Qb3 a5 16. a3 a4 17. Qxb4 Bxd3 18. Bc3 b5 19. Kd2 e4 20. Bd4 Qg4 21.
Rhe1 Qf3 22. Bb7+ Kb8 23. Qxb5 Qxf2+ 24. Kc3 Qc2+ 25. Kb4 Qb3+ 26. Ka5 Qxb5+ 27. cxb5 Kxb7 28. Rec1 d5 29. Bc5 Bf6 30. Ra2 Bc4 31. Rd2 Rc8 32. Kb4 Rc7 33. Bd6 Rd7 34. Bc5 Rhd8 35. Kxa4 Rc7 36.
Kb4 Be5 37. a4 Rxc5 38. Kxc5 Rc8+ 39. Kb4 Bd6+ 40. Kc3 Bd3+ 41. Kb2 Be5+ 42. Ka3 Rxc1 43. Rf2 f6 0-1

[Event "*** Titled Tuesday Blitz"]
[Site "Chess.com"]
[Date "2020.11.10"]
[Round "11"]
[White "Guenplen"]
[Black "sofaceindisguise"]
[Result "1-0"]
[WhiteElo "2880"]
[BlackElo "2690"]
[TimeControl "180+1"]
[EndTime "12:11:38 PST"]
[Termination "Guenplen won by checkmate"]

1. d4 Nf6 2. Bf4 d6 3. e3 Nc6 4.
Nf3 g6 5. h3 Bg7 6. Bh2 O-O 7.
Be2 Nd7 8. O-O e5 9. c3 h6 10. b4 Qe7 11. b5 Na5 12. Nbd2 b6 13. Nb3 Nxb3 14. axb3 Bb7 15. Nd2 c6 16. Bf3 d5 17.
bxc6 Bxc6 18. Re1 Rfc8 19. c4 dxc4 20. d5 Bb7 21. d6 Bxf3 22. Qxf3 Qxd6 23. Nxc4 Qc6 24.
Qxc6 Rxc6 25. Red1 Nc5 26. Nxe5 Bxe5 27. Bxe5 f6 28. b4 Nb3 29. Rab1 fxe5 30. Rxb3 Kf7 31.
Rd7+ Ke6 32. Rbd3 a5 33. b5 Rc1+ 34. Kh2 Kf5 35. f3 Rc5 36. h4 e4 37. g4+ Kf6 38.
R3d6+ Ke5 39. f4# 1-0

[Event "*** Titled Tuesday Blitz"]
[Site "Chess.com"]
[Date "2020.11.10"]
[Round "11"]
[White "grandcoach"]
[Black "politeplayer"]
[Result "0-1"]
[WhiteElo "2103"]
[BlackElo "2239"]
[TimeControl "180+1"]
[EndTime "12:11:38 PST"]
[Termination "politeplayer won by checkmate"]

1. e4 c5 2. b4 cxb4 3. a3 g6 4.
Bb2 Nf6 5. e5 Nd5 6. e6 Nf6 7.
exf7+ Kxf7 8. Nf3 Nc6 9. Bd3 Bh6 10. h4 d6 11. h5 Bg4 12. hxg6+ hxg6 13. Qe2 Bxd2+ 14.
Kxd2 Rxh1 15. Bc4+ d5 16. Bd3 Ne4+ 17. Ke3 Qb6+ 18.
Kf4 Bxf3 19. Qxf3 Rh4+ 20. g4 g5+ 21. Kf5 Nd4+ 22. Bxd4 Qe6# 0-1

[Event "*** Titled Tuesday Blitz"]
[Site "Chess.com"]
[Date "2020.11.10"]
[Round "11"]
[White "ajdemipopushi"]
[Black "Shushik"]
[Result "0-1"]
[WhiteElo "2382"]
[BlackElo "2259"]
[TimeControl "180+1"]
[EndTime "12:11:42 PST"]
[Termination "Shushik won on time"]

1. Nf3 d5 2. g3 c6 3. c4 Bg4 4. Ne5 Bf5 5. Bg2 Nf6 6. cxd5 cxd5 7. Qa4+ Nbd7 8. Nc3 e6 9. g4 Bc2 10. b3 Bd6 11.
Nxd7 Nxd7 12. d3 Rc8 13. Bd2 O-O 14. Rc1 Nc5 15. Qd4 Bxb3 16. Nb5 Ba4 17. Nxd6 Qxd6 18. Rxc5 Rxc5 19. Qxa4 b5 20. Qb3 Rfc8 21. O-O Rc2 22.
Rd1 Qa6 23. a3 Qa4 24. Qxa4 bxa4 25. Bf3 Ra2 26. Bb4 a5 27. Bd6 Rac2 28. Kg2 Rc1 0-1

[Event "*** Titled Tuesday Blitz"]
[Site "Chess.com"]
[Date "2020.11.10"]
[Round "11"]
[White "Vamostodorecto"]
[Black "Crazy_girl99"]
[Result "0-1"]
[WhiteElo "2377"]
[BlackElo "2503"]
[TimeControl "180+1"]
[EndTime "12:11:44 PST"]
[Termination "Crazy_girl99 won by resignation"]

1. d4 d5 2. c4 c6 3. Nf3 Nf6 4. Nc3 g6 5. e3 Bg7 6. Bd3 O-O 7. O-O e6 8. b3 b6 9. Bb2 Nbd7 10.
Qe2 Bb7 11. e4 dxe4 12. Nxe4 Nxe4 13. Qxe4 Qc7 14. Rad1 c5 15. Qe3 Rad8 16. Be4 Bxe4 17. Qxe4 Rfe8 18. Rd2 f5 19. Qh4 cxd4 20. Nxd4 Nc5 21.
Rfd1 a6 22. Nf3 Rxd2 23. Rxd2 Ne4 24. Re2 Bxb2 25. Rxb2 Qg7 26. Rb1 g5 27. Qh5 Rd8 28.
h4 h6 29. hxg5 hxg5 30. Re1 g4 31. Rxe4 gxf3 32. Qxf3 fxe4 33. Qxe4 Rd1+ 0-1

[Event "*** Titled Tuesday Blitz"]
[Site "Chess.com"]
[Date "2020.11.10"]
[Round "11"]
[White "Bigfish1995"]
[Black "Oleksandr_Bortnyk"]
[Result "1-0"]
[WhiteElo "2986"]
[BlackElo "2909"]
[TimeControl "180+1"]
[EndTime "12:11:45 PST"]
[Termination "Bigfish1995 won on time"]

1. e4 Nf6 2. e5 Nd5 3. d4 d6 4.
c4 Nb6 5. f4 Bf5 6. Be2 dxe5 7.
fxe5 c5 8. d5 e6 9. Nc3 Qh4+ 10.
g3 Qd4 11. Qb3 Qxe5 12. Nf3 Qc7 13. Bf4 Qc8 14. Nh4 Bh3 15. O-O-O Be7 16. Nb5 O-O 17.
g4 e5 18. Nf5 Bf6 19. Bxe5 Bg5+ 20. Kb1 Qe8 21. Bxg7 Qxe2 22. Qxh3 Re8 23. Nbd6 N8d7 24. Bc3 Nxc4 25. Rhe1 Re3 26. Qh5 Nd2+ 27. Bxd2 Qd3+ 28. Ka1 1-0

[Event "*** Titled Tuesday Blitz"]
[Site "Chess.com"]
[Date "2020.11.10"]
[Round "11"]
[White "joppie2"]
[Black "DenLaz"]
[Result "1-0"]
[WhiteElo "2961"]
[BlackElo "2772"]
[TimeControl "180+1"]
[EndTime "12:11:45 PST"]
[Termination "joppie2 won by resignation"]

1. e4 e5 2. Nf3 Nc6 3. Bc4 Bc5 4. c3 Nf6 5. d4 exd4 6. cxd4 Bb4+ 7. Nc3 Nxe4 8. d5 Nxc3 9. bxc3 Bxc3+ 10. Bd2 Qe7+ 11. Kf1 Bxa1 12. Qxa1 O-O 13. dxc6 dxc6 14. Bc3 Be6 15.
Bxe6 fxe6 16. h4 Rad8 17. Rh3 Rf7 18. Rg3 Rd3 19. Kg1 g6 20. h5 Qd6 21. hxg6 Rd1+ 22. Kh2 Rxa1 23. gxf7+ Kxf7 24. Bxa1 c5 25. Be5 Qd5 26.
Rg7+ Kf8 27. Rxc7 Qxa2 28. Ng5 Qxf2 29. Rxh7 Qe2 30. Bf6 Ke8 31. Re7+ Kf8 32. Nh7+ Kg8 33. Rg7+ Kh8 34. Rxb7+ Kg8 35. Rg7+ Kh8 36. Rxa7+ Kg8 37. Rg7+ Kh8 38. Nf8 Qh5+ 39. Kg3 Qh6 40. Rg6+ Qg7 41.
Rxg7 1-0

[Event "*** Titled Tuesday Blitz"]
[Site "Chess.com"]
[Date "2020.11.10"]
[Round "11"]
[White "TokChess"]
[Black "Hasangatin_Ramil"]
[Result "1-0"]
[WhiteElo "2468"]
[BlackElo "2551"]
[TimeControl "180+1"]
[EndTime "12:11:47 PST"]
[Termination "TokChess won by resignation"]

1. Nf3 d5 2. g3 Bf5 3. Bg2 e6 4. O-O Nf6 5. d4 Be7 6. c4 c6 7. Qb3 Qb6 8. c5 Qa6 9. Bf4 b6 10. cxb6 axb6 11. Rc1 c5 12. dxc5 Bxc5 13. Bxb8 Bxf2+ 14. Kxf2 Ng4+ 15. Kg1 Rxb8 16. Nd4 Bxb1 17. Raxb1 O-O 18. Nc6 Qxe2 19. Nxb8 Qf2+ 20. Kh1 Qd4 21. Rf1 Rxb8 22. Qf3 f5 23. Rbe1 Re8 24. h3 Nf6 25. Qe3 Qxe3 26. Rxe3 g6 27. Rc1 d4 28. Re5 Nd7 29.
Rb5 e5 30. Rc7 Nc5 31. Rxb6 Ne4 32. Kh2 d3 33. Rbb7 d2 34. Rg7+ Kh8 35. Rxh7+ Kg8 36. Rhd7 1-0

[Event "*** Titled Tuesday Blitz"]
[Site "Chess.com"]
[Date "2020.11.10"]
[Round "11"]
[White "akanga001"]
[Black "sm_sharon"]
[Result "0-1"]
[WhiteElo "1939"]
[BlackElo "2146"]
[TimeControl "180+1"]
[EndTime "12:11:47 PST"]
[Termination "sm_sharon won by resignation"]

1. d4 g6 2. c4 Bg7 3. Nc3 d6 4. e4 Nf6 5. Be2 O-O 6. Nf3 e5 7. O-O Nc6 8. Be3 Ng4 9. Bg5 Bf6 10. Bxf6 Qxf6 11. d5 Ne7 12. Nd2 h5 13. Nb5 c6 14.
dxc6 bxc6 15. Nc7 Rb8 16. c5 Rb7 17. cxd6 Qxd6 18. Na6 Rd7 19. Nc4 Qxd1 20. Bxd1 Bxa6 21. Bxg4 hxg4 22. Nxe5 Rd2 23. Rfe1 Be2 24. f3 gxf3 25. gxf3 f6 26. Ng4 Bxf3 27. Nf2 Rxb2 28. Re3 Be2 29. Re1 Bc4 30. Ng4 Kg7 31. Rh3 Be6 32. Rg3 Bxg4 33. Rxg4 Rxa2 34. e5 f5 35. Rg3 Rh8 36. h3 f4 37. Rb3 Nf5 38. Rb7+ Kh6 39. e6 Ne3 40. e7 Re8 41. Rc1 f3 42. Re1 f2+ 0-1

[Event "*** Titled Tuesday Blitz"]
[Site "Chess.com"]
[Date "2020.11.10"]
[Round "11"]
[White "Slovak_fighter2000"]
[Black "kai_nov"]
[Result "1-0"]
[WhiteElo "2466"]
[BlackElo "2339"]
[TimeControl "180+1"]
[EndTime "12:11:52 PST"]
[Termination "Slovak_fighter2000 won by resignation"]

1. d4 d5 2. Nf3 Nf6 3. c4 e6 4. Nc3 Be7 5. Bg5 O-O 6. e3 h6 7.
Bxf6 Bxf6 8. Qb3 c5 9. cxd5 cxd4 10. Nxd4 exd5 11. Be2 Nc6 12. Nxc6 bxc6 13. O-O Be6 14. Qc2 c5 15. Rfd1 Rb8 16. Bf3 d4 17. exd4 Bxd4 18. Rac1 Qf6 19. Ne4 Qe5 20. b3 Rfc8 21. Nd2 c4 22. Nxc4 Bxc4 23. bxc4 Rb2 24. Qe4 Bxf2+ 25. Kh1 Qxe4 26. Bxe4 Rxa2 27. Rd7 f5 28. Bxf5 Be3 29. Re1 Rf8 30. Be6+ Kh8 31. c5 Bxc5 32. Bxa2 Bb4 33. Red1 a5 34. Rd8 Rxd8 35. Rxd8+ Kh7 36. Bb1+ 1-0

[Event "*** Titled Tuesday Blitz"]
[Site "Chess.com"]
[Date "2020.11.10"]
[Round "11"]
[White "PetrolulSah"]
[Black "AttractiveMustard"]
[Result "1-0"]
[WhiteElo "2247"]
[BlackElo "2385"]
[TimeControl "180+1"]
[EndTime "12:11:54 PST"]
[Termination "PetrolulSah won on time"]

1. d4 Nf6 2. g3 g6 3. Bg2 Bg7 4. Nf3 O-O 5. O-O d6 6. c4 c5 7. d5 e6 8. Nc3 exd5 9. cxd5 Re8 10. Bf4 a6 11. a4 Qe7 12. Re1 Bg4 13. Nd2 Nh5 14. Nc4 Nxf4 15. gxf4 Nd7 16. Ne4 Qh4 17. Nexd6 Bh3 18. Bxh3 Qxh3 19. Qd3 Qxd3 20. exd3 Red8 21. Nxb7 Rdb8 22. Nba5 Bxb2 23. Rab1 Bc3 24. Rxb8+ Rxb8 25. Re7 Nf8 26. Nc6 h5 27. Nxb8 1-0

[Event "*** Titled Tuesday Blitz"]
[Site "Chess.com"]
[Date "2020.11.10"]
[Round "11"]
[White "A-S-00"]
[Black "vrekhson"]
[Result "1-0"]
[WhiteElo "2332"]
[BlackElo "2207"]
[TimeControl "180+1"]
[EndTime "12:11:54 PST"]
[Termination "A-S-00 won by resignation"]

1. e4 c5 2. Nf3 a6 3. d4 cxd4 4. Nxd4 Nf6 5. Nc3 e5 6. Nb3 Bb4 7. Bd3 d5 8. exd5 Nxd5 9. O-O Nxc3 10. bxc3 Bxc3 11. Rb1 O-O 12. Nc5 Qc7 13. Ne4 Bd4 14.
Qh5 f5 15. Ng5 g6 16. Qh6 Qg7 17. Bc4+ Kh8 18. Qh4 e4 19. Ba3 Rf6 20. Nf7+ Kg8 21. Rfd1 Nc6 22. Nd8+ Kh8 23. Nxc6 bxc6 24. Rxd4 Be6 25. Bxe6 Rxe6 26. Rd8+ Rxd8 27. Qxd8+ Qg8 28. Bb2+ 1-0

[Event "*** Titled Tuesday Blitz"]
[Site "Chess.com"]
[Date "2020.11.10"]
[Round "11"]
[White "petrpalachev"]
[Black "Zq1"]
[Result "1-0"]
[WhiteElo "2745"]
[BlackElo "2589"]
[TimeControl "180+1"]
[EndTime "12:11:55 PST"]
[Termination "petrpalachev won by resignation"]

1. d4 d5 2. Nf3 Nf6 3. g3 e6 4. Bg2 b5 5. O-O Bb7 6. a4 b4 7.
a5 Na6 8. Nbd2 c5 9. c4 Be7 10. dxc5 Nxc5 11. Ne5 O-O 12. Nb3 Nxb3 13. Qxb3 dxc4 14.
Qxc4 Rc8 15. Qd3 Bxg2 16. Kxg2 Qc7 17. Bf4 Nd5 18. Qf3 Nxf4+ 19. gxf4 Bf6 20. Rfc1 Qxc1 21. Rxc1 Rxc1 22. Qb7 Bxe5 23. fxe5 Rc2 24. Qxb4 Rxe2 25. a6 Rxe5 26. Qb7 Re2 27. b4 Rb2 28. Qxa7 Rxb4 29. Qc5 Ra4 30. Qc6 Ra1 31. Qb7 h5 32. h3 h4 33. a7 e5 34. Kf3 Ra4 35. Ke3 g5 36. f3 Kg7 37. Qb8 Kg8 38. Qxe5 f6 39. Qd5+ Kh8 40.
Qb7 Kg8 41. Qb3+ 1-0

[Event "*** Titled Tuesday Blitz"]
[Site "Chess.com"]
[Date "2020.11.10"]
[Round "11"]
[White "Xeniya2005"]
[Black "PriSachu"]
[Result "1-0"]
[WhiteElo "2401"]
[BlackElo "2493"]
[TimeControl "180+1"]
[EndTime "12:12:00 PST"]
[Termination "Xeniya2005 won by resignation"]

1. e4 e5 2. Nf3 Nc6 3. Nc3 Nf6 4. Bb5 Bd6 5. d3 O-O 6. a3 a6 7. Bc4 h6 8. g4 Be7 9. g5 hxg5 10. Bxg5 d6 11. Rg1 Be6 12. Qe2 Nh5 13. O-O-O Bxg5+ 14. Nxg5 Nf4 15. Qe3 Qf6 16. Qg3 Nd4 17. Qh4 Rfd8 18.
Nd5 Bxd5 19. Bxd5 Nde6 20. Qh7+ Kf8 21. Bxe6 fxe6 22. Rg4 Qh6 23. Qxh6 gxh6 24. Rxf4+ exf4 25. Nxe6+ Ke7 26. Nxd8 Rxd8 27. Rg1 Kf6 28. Kd2 Re8 29. Ke2 Re5 30. Kf3 Rh5 31. Rg2 Ke5 32. c3 Rh3+ 33. Kg4 Rxd3 34. f3 Rd1 35. Rf2 Rg1+ 36. Kh5 Kf6 37.
Kxh6 Rg8 38. Kh5 b5 39. h4 c6 40. Rd2 Ke5 41. Rd3 a5 42. b3 a4 43. bxa4 bxa4 44. Rd4 Rg3 45. Rd3 Rxf3 46. Rxf3 Kxe4 47. Rf1 f3 48. Kg4 Ke3 49. Rxf3+ 1-0

[Event "*** Titled Tuesday Blitz"]
[Site "Chess.com"]
[Date "2020.11.10"]
[Round "11"]
[White "KaterinaMiroshnik"]
[Black "1977Ivan"]
[Result "0-1"]
[WhiteElo "2568"]
[BlackElo "2700"]
[TimeControl "180+1"]
[EndTime "12:12:02 PST"]
[Termination "1977Ivan won on time"]

1. d3 e5 2. Nd2 Nc6 3. Ngf3 Nf6 4.
e4 g6 5. Be2 Bg7 6. O-O O-O 7.
c3 a5 8. Qc2 d6 9. b3 Nh5 10.
Re1 Nf4 11. Bf1 f5 12. Nc4 fxe4 13. dxe4 Nh3+ 14. Kh1 Bg4 15. gxh3 Bxf3+ 16. Bg2 Qh4 17. Be3 Qxh3 18. Rg1 Bh6 19. Bxh6 Qxh6 20. Nd2 Bxg2+ 21. Rxg2 Rf4 22. Rag1 Raf8 23. Nf1 Nd8 24. Ng3 Ne6 25. Nf5 Qh5 26. Ne7+ Kh8 27. Nd5 Rh4 28. Qd1 Rf3 29. Ne3 Nf4 30. Nf1 Nxg2 31. Rxg2 Rxf2 0-1

[Event "*** Titled Tuesday Blitz"]
[Site "Chess.com"]
[Date "2020.11.10"]
[Round "11"]
[White "kirillshevchenko"]
[Black "yobdc"]
[Result "1-0"]
[WhiteElo "2841"]
[BlackElo "2464"]
[TimeControl "180+1"]
[EndTime "12:12:02 PST"]
[Termination "kirillshevchenko won by resignation"]

1. e4 d5 2. exd5 Qxd5 3. Nc3 Qd6 4. Nb5 Qd8 5. d4 c6 6. Na3 Nf6 7. h3 Bf5 8. Nf3 e6 9. Nc4 Nbd7 10. Bf4 Nb6 11.
Nce5 Be7 12. Bd3 Bxd3 13. Qxd3 O-O 14. O-O-O Nbd5 15. Bd2 Nb4 16. Bxb4 Bxb4 17. Kb1 Qd5 18. c4 Qe4 19. Ng4 Qxd3+ 20. Rxd3 Be7 21. Rhd1 Rfd8 22. Kc2 Ne4 23. Nd2 Nxd2 24. R1xd2 Rd6 25. Ne3 Bg5 26. Rb3 Rd7 27. Rbd3 Rad8 28. Rd1 h5 29. d5 Bxe3 30. dxc6 Rxd3 31. Rxd3 Rxd3 32. c7 Rd2+ 33. Kc3 Rxf2 34. c8=Q+ Kh7 35. Qxb7 e5 36. Qe4+ f5 37. Qxe3 Rxg2 38.
Qxe5 h4 39. Qxf5+ 1-0

[Event "*** Titled Tuesday Blitz"]
[Site "Chess.com"]
[Date "2020.11.10"]
[Round "11"]
[White "Neftegor"]
[Black "Nuvas"]
[Result "0-1"]
[WhiteElo "2451"]
[BlackElo "2368"]
[TimeControl "180+1"]
[EndTime "12:12:03 PST"]
[Termination "Nuvas won by resignation"]

1. d4 Nf6 2. c4 e6 3. Nc3 Bb4 4. e3 d5 5. cxd5 Nxd5 6. Bd2 O-O 7. Nf3 c5 8. a3 cxd4 9. axb4 dxc3 10. bxc3 Nc6 11.
b5 Nce7 12. c4 Nb6 13. Bb4 Bd7 14. Ne5 Re8 15. e4 Ng6 16. Nxd7 Nxd7 17. Qd4 Nde5 18. Qc3 Qf6 19. Rd1 Red8 20. Bd6 Qf4 21. Qe3 Rxd6 22.
Rxd6 Nf3+ 23. gxf3 Qxd6 24. c5 Qe5 25. Be2 Qa1+ 26.
Bd1 Qa5+ 27. Kf1 Qxb5+ 28. Be2 Qb1+ 29. Kg2 Nh4+ 30. Kh3 Qxh1 0-1

[Event "*** Titled Tuesday Blitz"]
[Site "Chess.com"]
[Date "2020.11.10"]
[Round "11"]
[White "tylityli"]
[Black "AniJak"]
[Result "1/2-1/2"]
[WhiteElo "2250"]
[BlackElo "2376"]
[TimeControl "180+1"]
[EndTime "12:12:03 PST"]
[Termination "Game drawn by repetition"]

1. d4 d5 2. c4 c6 3. cxd5 cxd5 4. Bf4 Nc6 5. e3 a6 6. Nc3 Nf6 7. Bd3 g6 8. Nf3 Bf5 9. O-O Bg7 10. Bxf5 gxf5 11.
Ne5 O-O 12. Rc1 Rc8 13. a3 e6 14.
f3 Kh8 15. Qa4 Nxe5 16. Bxe5 Nh5 17. Bxg7+ Nxg7 18. Qb4 b5 19. a4 Rc4 20. Qb3 bxa4 21. Nxa4 Qb8 22. Qxb8 Rxb8 23. Rxc4 dxc4 24. Rc1 Rb4 25.
Nc5 Rxb2 26. Rxc4 a5 27. Nb7 Rxb7 28. Rc8+ Ne8 29. Rxe8+ Kg7 30. Ra8 Rb1+ 31. Kf2 Ra1 32. Kg3 a4 33. h4 Ra2 34. Ra7 Kf6 35. Kf4 h5 36. Ra8 a3 37. g3 Ra1 38. Ra7 a2 39. Ra6 Kg7 40. Ra7 Kg6 41. Ra6 Kg7 42. Ra7 Kg6 43.
Ra6 Kg7 1/2-1/2

[Event "*** Titled Tuesday Blitz"]
[Site "Chess.com"]
[Date "2020.11.10"]
[Round "11"]
[White "IrishMonkey"]
[Black "Forantes"]
[Result "1-0"]
[WhiteElo "2467"]
[BlackElo "2349"]
[TimeControl "180+1"]
[EndTime "12:12:10 PST"]
[Termination "IrishMonkey won by checkmate"]

1. g4 d5 2. Bg2 c6 3. h3 e5 4. d4 e4 5. c4 Bd6 6. Nc3 Ne7 7. Bg5 O-O 8. Rc1 Be6 9. Qb3 dxc4 10. Qxb7 Nd7 11.
Nxe4 Rb8 12. Qxa7 Bb4+ 13. Kf1 Ra8 14. Qb7 Rb8 15. Qa7 Ra8 16. Qb7 Rb8 17. Qa6 f6 18. Bf4 Ra8 19. Qb7 Qa5 20. a3 Bxa3 21. Bd2 Qa4 22.
bxa3 Rfb8 23. Qc7 Rb2 24. Qd6 Kf7 25. Bb4 Nd5 26. Nc3 Nxc3 27. Qe7+ Kg8 28. Qxe6+ Kh8 29. Bxc6 Qa6 30. Rxc3 Rb1+ 31. Kg2 Rc8 32. Bxd7 Qb7+ 33. Nf3 Rxh1 34. Kxh1 Rd8 35. Rxc4 h5 36. Rc5 f5 37. Rxf5 g6 38. Qxg6 Rxd7 39. Rxh5+ Rh7 40. Rxh7+ Qxh7 41. Qxh7+ Kxh7 42. a4 Kg6 43. a5 Kf6 44. a6 Ke6 45. a7 Kd5 46. a8=Q+ Kc4 47. Qa5 Kb3 48. Qa3+ Kc2 49.
Qc3+ Kd1 50. Qd2# 1-0

[Event "*** Titled Tuesday Blitz"]
[Site "Chess.com"]
[Date "2020.11.10"]
[Round "11"]
[White "KacperPolOK"]
[Black "FMalexhdez"]
[Result "0-1"]
[WhiteElo "2405"]
[BlackElo "2274"]
[TimeControl "180+1"]
[EndTime "12:12:11 PST"]
[Termination "FMalexhdez won by resignation"]

1. e4 c5 2. Nc3 d6 3. f4 Nc6 4. Bb5 Bd7 5. Nf3 Nd4 6. Nxd4 cxd4 7. Bxd7+ Qxd7 8. Ne2 e5 9. d3 g6 10. O-O Bg7 11. c3 dxc3 12. Nxc3 Ne7 13. Kh1 O-O 14. Be3 f5 15. d4 fxe4 16. dxe5 Nf5 17. Qd5+ Qf7 18.
Qxe4 dxe5 19. fxe5 Rae8 20. g4 Rxe5 21. Qg2 Nxe3 22.
Rxf7 Nxg2 23. Rxf8+ Kxf8 24. Kxg2 Rg5 25. Kf3 Bxc3 26. bxc3 Rc5 27. Rc1 Ke7 28. Ke3 b5 29.
h3 Kf6 30. Kd4 Rc4+ 31. Kd5 Kg5 32. a4 Rxa4 33. Kc5 a6 34. Kb6 Kh4 0-1

[Event "*** Titled Tuesday Blitz"]
[Site "Chess.com"]
[Date "2020.11.10"]
[Round "11"]
[White "124chess"]
[Black "AldokhinIvan"]
[Result "1-0"]
[WhiteElo "2732"]
[BlackElo "2581"]
[TimeControl "180+1"]
[EndTime "12:12:12 PST"]
[Termination "124chess won by resignation"]

1. c4 Nf6 2. Nc3 g6 3. g3 Bg7 4.
Bg2 O-O 5. d4 d6 6. e3 Nc6 7.
Nge2 e5 8. O-O Bd7 9. b3 Re8 10. d5 Nb4 11. a3 Na6 12. b4 Qc8 13. e4 Bh3 14. f3 Bxg2 15. Kxg2 Nh5 16. Be3 f5 17. c5 Bf8 18. Qb3 dxc5 19. b5 Nb8 20.
d6+ Kh8 21. dxc7 Qxc7 22. Rad1 c4 23. Nd5 Qc8 24. Qc3 Nd7 25. Rc1 Nb6 26. Bxb6 axb6 27.
Nxb6 Rxa3 28. Nxc8 Rxc3 29. Rxc3 Rxc8 30. Rfc1 fxe4 31. fxe4 Nf6 32. Rxc4 Rd8 33. Rc8 Rxc8 34. Rxc8 Kg7 35. Rc7+ Kh6 36. Rf7 Bg7 37. Nc3 b6 38. Kf3 Ne8 39. Rb7 Nd6 40. Rxb6 Nc4 41. Rb8 Na5 42. b6 Nc6 43. Rc8 Nd4+ 44. Kg2 1-0

[Event "*** Titled Tuesday Blitz"]
[Site "Chess.com"]
[Date "2020.11.10"]
[Round "11"]
[White "ErikBlomqvist"]
[Black "VladimirBugayev"]
[Result "1-0"]
[WhiteElo "2442"]
[BlackElo "2247"]
[TimeControl "180+1"]
[EndTime "12:12:12 PST"]
[Termination "ErikBlomqvist won by resignation"]

1. e4 c6 2. d4 d5 3. exd5 cxd5 4. Bd3 Nc6 5. c3 Nf6 6. h3 e5 7. dxe5 Nxe5 8. Qe2 Qe7 9. Bc2 Nc4 10. b3 Nd6 11.
Bf4 Qxe2+ 12. Nxe2 Nde4 13. f3 Nc5 14. Kf2 Ne6 15.
Be3 Bd6 16. g4 h5 17. g5 Nd7 18. Rd1 Nc7 19. h4 Nc5 20. Bf4 Ke7 21. Na3 a6 22.
Bxd6+ Kxd6 23. Nc4+ Kc6 24. Ne5+ Kb6 25. Nxf7 Rf8 26. Ne5 Re8 27. Ng6 N7e6 28. Rxd5 Bd7 29. b4 Kc6 30. Rad1 b6 31. bxc5 Nxc5 32. Ne5+ Kc7 33.
Nxd7 1-0

[Event "*** Titled Tuesday Blitz"]
[Site "Chess.com"]
[Date "2020.11.10"]
[Round "11"]
[White "FMOlexandrProhorov"]
[Black "davigator"]
[Result "1-0"]
[WhiteElo "2166"]
[BlackElo "2346"]
[TimeControl "180+1"]
[EndTime "12:12:13 PST"]
[Termination "FMOlexandrProhorov won by checkmate"]

1. e4 c5 2. c3 Nf6 3. e5 Nd5 4.
Nf3 d6 5. Bc4 e6 6. d4 Nb6 7.
Bb3 d5 8. O-O Be7 9. Bc2 Nc6 10.
Re1 Bd7 11. Nbd2 cxd4 12. cxd4 Rc8 13. Nf1 Nb4 14. Bb1 Ba4 15. b3 Bd7 16. Ng3 Qc7 17. Nh5 Bf8 18. Ba3 Qc3 19. Bxb4 Qxb4 20. Bd3 a5 21. Rc1 Kd8 22. Rxc8+ Nxc8 23. Ng5 Be8 24. Nxh7 Be7 25. g4 Qxd4 26. Qf3 g6 27. N5f6 Bc6 28. Ng5 Rf8 29. Bxg6 Qd2 30. Re3 d4 31. Rd3 Qe1+ 32.
Kg2 Bxf3+ 33. Nxf3 Qc1 34. Rxd4+ Kc7 35. Be4 b5 36. Rd7+ Kb6 37. Rb7+ Ka6 38. Nd7 Rd8 39. Nb8# 1-0

[Event "*** Titled Tuesday Blitz"]
[Site "Chess.com"]
[Date "2020.11.10"]
[Round "11"]
[White "MVM2008"]
[Black "zurzan"]
[Result "1-0"]
[WhiteElo "2185"]
[BlackElo "2056"]
[TimeControl "180+1"]
[EndTime "12:12:13 PST"]
[Termination "MVM2008 won by resignation"]

1. b3 d6 2. Bb2 e5 3. c4 Nc6 4. g3 f5 5. Bg2 Nf6 6. e3 Be7 7.
d3 O-O 8. Nd2 a5 9. a3 Qe8 10.
Ne2 Kh8 11. O-O Be6 12. d4 exd4 13. exd4 Bf7 14. Nf4 g5 15. Nd3 h6 16. d5 Nd8 17. f4 Bh5 18. Qe1 g4 19. Ne5 Nf7 20.
Nxf7+ Qxf7 21. Qe2 Rae8 22. Rae1 Kg7 23. Qd3 Bg6 24. Re6 Kh7 25. Rfe1 Ng8 26. Qc3 Bf6 27.
Qc2 Bxb2 28. Qxb2 Rxe6 29. Rxe6 Re8 30. Qd4 Rxe6 31. dxe6 Qe7 32. Bxb7 Qxe6 33. Bd5 Qe1+ 34. Nf1 Nf6 35. Qxf6 Qe8 36. Qe6 Qd8 37. Bc6 h5 38. Qd7+ Qxd7 39. Bxd7 Kg7 40. b4 axb4 41. axb4 Bf7 42.
c5 Bc4 43. Ne3 Ba6 44. cxd6 cxd6 45. b5 Bb7 46. Nxf5+ Kf6 47. Nxd6 1-0

[Event "*** Titled Tuesday Blitz"]
[Site "Chess.com"]
[Date "2020.11.10"]
[Round "11"]
[White "dosto07"]
[Black "andriipalchuk"]
[Result "1-0"]
[WhiteElo "2338"]
[BlackElo "2433"]
[TimeControl "180+1"]
[EndTime "12:12:14 PST"]
[Termination "dosto07 won by resignation"]

1. d4 Nf6 2. Nf3 e6 3. Bf4 d5 4. e3 c5 5. c3 Bd6 6. Bg3 O-O 7. Bd3 Nc6 8. Nbd2 b6 9. Ne5 Ne7 10. O-O Bb7 11. Qe2 Nf5 12. Bf4 Ne4 13. h3 f6 14.
Nef3 Nxd2 15. Qxd2 Ne7 16. Rfe1 Qc7 17. Bxd6 Qxd6 18. e4 e5 19. dxe5 fxe5 20. exd5 Nxd5 21. Bc4 Rad8 22. Rad1 Qg6 23. Nxe5 Qf5 24. Nf3 Kh8 25.
Re5 Qg6 26. Bxd5 Rxf3 27. Bxf3 Rxd2 28. Rxd2 h6 29. Bxb7 Qb1+ 30. Kh2 Qxa2 31. Re8+ Kh7 32. Be4+ g6 33. Rd7+ 1-0